 Dungeon Crawl Stone Soup version 0.29-a0-998-g1987434951 (webtiles) character file.

Game seed: 7795173810252393949

17654 siradein the Covert (level 12, -18/97 HPs)
             Began as a Spriggan Berserker on Aug 5, 2022.
             Was a High Priest of Trog.
             Demolished by a death yak simulacrum (21 damage)
             ... in an ice cave.
             The game lasted 00:30:58 (14306 turns).

siradein the Covert (Spriggan Berserker)           Turns: 14306, Time: 00:30:59

Health: -18/97     AC:  3    Str: 13    XL:     12   Next: 20%
Magic:  13/13      EV: 27    Int:  9    God:    Trog [*****.]
Gold:   635        SH:  5    Dex: 19    Spells: 11/11 levels left

rFire   + . .      SeeInvis +   o - +8 short sword "Fifen" {elec, +Blink rElec rF+ rCorr}
rCold   . . .      Faith    .   (no shield)
rNeg    + + .      Spirit   .   w - +1 robe {rN+}
rPois   .          Reflect  +   (helmet restricted)
rElec   +          Harm     .   (no cloak)
rCorr   +          Rampage  .   (gloves unavailable)
Will    ++...                   (boots unavailable)
Stlth   ..........              q - amulet of reflection
HPRegen 0.26/turn               i - ring of flight
MPRegen 0.13/turn               B - ring of positive energy

@: berserking, flying, studying 3 skills, very quick
A: very small, no large weapons, unfitting armour, see invisible, speed 3
a: Renounce Religion, Evoke Blink, Berserk, Trog's Hand, Brothers in Arms


You were in an ice cave.
You worshipped Trog.
Trog was extremely pleased with you.
You visited 3 branches of the dungeon, and saw 16 of its levels.
You also visited: Bailey and Ice Cave.

You collected 635 gold pieces.

Inventory:

Hand Weapons
 o - the +8 short sword "Fifen" (weapon) {elec, +Blink rElec rF+ rCorr}
   (You found it on level 2 of the Dungeon)

   It occasionally discharges a powerful burst of electricity upon striking a
   foe.
   rF:        It protects you from fire.
   rElec:     It insulates you from electricity.
   +Blink:    It lets you blink.
   rCorr:     It protects you from acid and corrosion.
 K - a +9 quick blade
Missiles
 j - 14 poisoned darts (quivered)
 I - 2 throwing nets
Armour
 w - a +1 robe of positive energy (worn)
Jewellery
 i - a ring of flight (left hand)
 q - an amulet of reflection (around neck)
 x - an amulet of regeneration
 y - an amulet of guardian spirit
 B - a ring of positive energy (right hand)
 G - a ring of positive energy
 H - a ring of positive energy
Wands
 m - a wand of quicksilver (8)
 n - a wand of flame (36)
 A - a wand of digging (3)
 C - a wand of iceblast (6)
 J - a wand of polymorph (8)
Scrolls
 a - 2 scrolls of summoning {unknown}
 c - 8 scrolls of teleportation {unknown}
 g - 2 scrolls of immolation {unknown}
 k - 3 scrolls of fear
 l - 3 scrolls of blinking
 p - a scroll of silence
 s - 3 scrolls of enchant weapon
 t - 2 scrolls of torment
 u - a scroll of enchant armour
 D - a scroll of butterflies
Potions
 b - 2 potions of heal wounds
 d - a potion of flight {unknown}
 e - 7 potions of might
 f - 3 potions of lignification
 r - a potion of invisibility {unknown}
 v - 7 potions of curing
 z - 3 potions of haste {unknown}
 E - 2 potions of mutation {unknown}
 F - 2 potions of brilliance {unknown}
 L - 2 potions of berserk rage {unknown}


   Skills:
 + Level 8.4 Fighting
 + Level 10.9 Short Blades
 + Level 12.9 Dodging
 + Level 14.4 Stealth
 + Level 9.5 Evocations


You had 11 spell levels left.
You didn't know any spells.
Your spell library was empty.

Dungeon Overview and Level Annotations

Branches:
Dungeon (14/15)            Temple (1/1) D:7            Lair (1/5) D:8
    Orc (0/2) D:10         Bailey (visited)           IceCv (1/1)
 Vaults: D:13-14

Altars:
Ashenzari
Cheibriados
Dithmenos
Elyvilon
Fedhas
Kikubaaqudgha
Nemelex Xobeh
Ru
Trog
Vehumet
The Shining One

Shops:
D:2 *   D:10 (

Annotations:
D:9 2 transporters


Innate Abilities, Weirdness & Mutations

You are very small and have problems with some larger weapons.
You are too small for most types of armour.
You have supernaturally acute eyesight. (SInv)
You cover ground extremely quickly. (Speed+++)


Message History

You see here a rime drake corpse.
The helpless rime drake fails to defend itself.
You skewer the rime drake like a kebab!!!!
You kill the rime drake!
Trog accepts your kill.
No target in view!
No target in view!
Your skin stops crawling.
You feel less strong-willed.
There is a frozen archway here.
v - 7 potions of curing (gained 1)
You now have 635 gold pieces (gained 17).
You recover from your berserk rage.
You see here a rime drake corpse.
There is a frozen archway here.
Unknown command.
The world spins around you as you enter the gateway.
You enter an ice cave!
Found an ice covered gate leading back out of this place.
There is an ice choked empty arch of ancient stone here.
You hit the death yak simulacrum but do no damage.
You hit the elephant simulacrum.
The elephant simulacrum is lightly damaged.
A red film seems to cover your vision as you go berserk!
You feel yourself moving faster!
You feel mighty! The death yak simulacrum gores you!
The death yak simulacrum freezes you!!!
* * * LOW HITPOINT WARNING * * *
The elephant simulacrum completely misses you.
The elephant simulacrum closely misses you.
You are too injured to fight recklessly!
You are too injured to fight recklessly!
You are too injured to fight recklessly!
You are too injured to fight recklessly!
You are too injured to fight recklessly!
You are too injured to fight recklessly!
You impale the elephant simulacrum!!
The elephant simulacrum is almost destroyed.
The death yak simulacrum gores you!
* * * LOW HITPOINT WARNING * * *
The death yak simulacrum freezes you!!
You die...

#. .##
..##
...##
#...#
##ZZ.#
#.ZZ#
##.@.##
##.....##
#...∩...#
#.......#
##..∩..##
##...##
#####


You could see a death yak simulacrum and 3 elephant simulacra.

Vanquished Creatures
  2 centaur warriors (D:11)
  2 two-headed ogres
  Erica (D:8)
  A skeletal warrior (D:11)
  An orc knight (Bailey)
  A manticore (D:11)
  A black mamba (Lair:1)
  Maurice (D:8)
  Joseph (D:8)
  A gargoyle (D:11)
  A cane toad (Lair:1)
  An unseen horror (D:10)
  A kobold demonologist (D:8)
  2 rime drakes (Lair:1)
  2 komodo dragons
  A troll (D:10)
  Prince Ribbit (D:6)
  A shadow (D:10)
  3 wyverns
  2 wraiths
  15 yaks
  Grum (D:10)
  A warg (D:10)
  4 water moccasins
  13 orc warriors
  3 ice beasts
  A sky beast (D:8)
  2 ogres
  2 wolves (D:10)
  5 centaurs
  A phantom (D:6)
  3 bullfrogs
  A kobold brigand (D:8)
  2 gnoll sergeants
  11 wights (D:9)
  32 killer bees
  8 howler monkeys
  A jelly (D:5)
  6 orc priests
  7 hounds
  2 iguanas (D:5)
  Terence (D:3)
  10 orc wizards
  Robin (D:2)
  5 adders
  11 gnolls
  A white imp (D:7)
  An ufetubus (D:6)
  A dart slug (D:1)
  2 worms
  58 orcs
  6 bats
  4 endoplasms
  2 giant cockroaches
  15 goblins
  7 hobgoblins
  6 quokkas
  11 ball pythons
  4 frilled lizards
  5 kobolds
  6 rats
305 creatures vanquished.

Vanquished Creatures (others)
  6 plants (D:8)
6 creatures vanquished.

Grand Total: 311 creatures vanquished

Notes
Turn   | Place    | Note
-------+----------+-------------------------------------------
     0 | D:1      | siradein the Spriggan Berserker began the quest for the
                  | Orb.
     0 | D:1      | Reached XP level 1. HP: 11/11 MP: 2/2
    23 | D:1      | Found a faded altar of an unknown god.
   170 | D:1      | Reached skill level 1 in Stealth
   239 | D:1      | Reached XP level 2. HP: 11/16 MP: 3/3
  1052 | D:1      | Reached skill level 2 in Stealth
  1271 | D:1      | Reached ** piety under Trog
  1317 | D:1      | Reached XP level 3. HP: 19/19 MP: 4/4
  1468 | D:2      | Found Nimnepubya's General Store.
  2430 | D:2      | Noticed Robin
  2435 | D:2      | Killed Robin
  2436 | D:2      | Reached XP level 4. HP: 23/23 MP: 5/5
  2615 | D:2      | Identified the +8 short sword "Fifen" {elec, +Blink rElec
                  | rF+ rCorr}
  2848 | D:3      | Reached skill level 3 in Stealth
  2910 | D:3      | Noticed Terence
  2920 | D:3      | Killed Terence
  2921 | D:3      | Reached skill level 5 in Dodging
  3087 | D:3      | Reached XP level 5. HP: 16/28 MP: 6/6
  3434 | D:3      | Found a sparkling altar of Nemelex Xobeh.
  3613 | D:3      | Reached *** piety under Trog
  3662 | D:4      | Reached skill level 4 in Stealth
  3879 | D:4      | Reached XP level 6. HP: 32/32 MP: 7/7
  4149 | D:4      | Found a broken altar of Ashenzari.
  4499 | D:4      | Reached skill level 5 in Short Blades
  4499 | D:4      | Reached skill level 5 in Stealth
  4737 | D:5      | Entered Level 5 of the Dungeon
  4817 | D:5      | Reached XP level 7. HP: 28/37 MP: 8/8
  5070 | D:5      | Found a radiant altar of Vehumet.
  5125 | D:5      | Reached skill level 6 in Stealth
  5687 | D:6      | Reached skill level 7 in Stealth
  5687 | D:6      | Reached XP level 8. HP: 42/42 MP: 9/9
  5969 | D:6      | Noticed Prince Ribbit
  5997 | D:6      | Killed Prince Ribbit
  6185 | D:6      | Found a snail-covered altar of Cheibriados.
  6291 | D:7      | Reached skill level 5 in Fighting
  6291 | D:7      | Reached skill level 8 in Stealth
  6313 | D:7      | Reached **** piety under Trog
  6600 | D:7      | Found a staircase to the Ecumenical Temple.
  6651 | D:7      | Reached skill level 9 in Stealth
  6654 | D:7      | Reached XP level 9. HP: 38/47 MP: 7/10
  7126 | D:8      | Noticed Maurice
  7302 | D:8      | Noticed Erica
  7310 | D:8      | Killed Maurice
  7311 | D:8      | Reached skill level 1 in Evocations
  7332 | Temple   | Entered the Ecumenical Temple
  8065 | D:8      | Killed Erica
  8066 | D:8      | Reached skill level 10 in Stealth
  8136 | D:8      | Found a white marble altar of Elyvilon.
  8145 | D:8      | Found a bloodstained altar of Trog.
  8149 | D:8      | Identified the +2 robe of Sin {Fly}
  8415 | D:8      | Found a staircase to the Lair.
  8416 | D:8      | Noticed a komodo dragon
  8445 | D:8      | Noticed Joseph
  8452 | D:8      | Killed Joseph
  8453 | D:8      | Reached skill level 10 in Dodging
  8453 | D:8      | Reached XP level 10. HP: 53/53 MP: 11/11
  8967 | D:8      | Reached skill level 11 in Stealth
  9147 | D:8      | Reached skill level 5 in Evocations
 10094 | D:9      | Found a transporter.
 10094 | D:9      | Found a transporter.
 10096 | D:9      | Noticed a boulder beetle
 10259 | D:8      | Reached skill level 12 in Stealth
 10591 | D:9      | Found a glowing golden altar of the Shining One.
 10592 | D:9      | Found a sacrificial altar of Ru.
 10616 | D:9      | Identified the +1 leather armour "Eskucom" {Will+ Dex+4}
 10809 | D:9      | Identified the +7 plate armour of Leapfrog {rElec rCorr
                  | Dex+3}
 10926 | D:9      | Reached XP level 11. HP: 50/57 MP: 12/12
 11106 | D:9      | Noticed a two-headed ogre
 11125 | D:9      | Killed a two-headed ogre
 11330 | D:9      | Reached ***** piety under Trog
 11428 | D:10     | Entered Level 10 of the Dungeon
 11628 | D:10     | Found Wouniyss's Weapon Emporium.
 11701 | D:10     | Found a blossoming altar of Fedhas.
 11745 | D:10     | Found a flagged portal.
 11759 | Bailey   | Entered a bailey
 12129 | Bailey   | Noticed an orc knight
 12143 | Bailey   | Killed an orc knight
 12144 | Bailey   | Reached skill level 10 in Short Blades
 12144 | Bailey   | Reached skill level 13 in Stealth
 12491 | D:10     | Found a staircase to the Orcish Mines.
 12664 | D:10     | Noticed Grum
 12702 | D:10     | Killed Grum
 13182 | D:11     | You are sucked into a shaft and drop 3 floors!
 13317 | D:11     | Noticed a centaur warrior
 13337 | D:11     | Killed a centaur warrior
 13643 | D:11     | Noticed a centaur warrior
 13645 | D:11     | Noticed a skeletal warrior
 13645 | D:11     | Noticed a two-headed ogre
 13657 | D:11     | Killed a skeletal warrior
 13661 | D:11     | Killed a two-headed ogre
 13665 | D:11     | Killed a centaur warrior
 13666 | D:11     | Reached skill level 14 in Stealth
 13666 | D:11     | Reached XP level 12. HP: 65/65 MP: 13/13
 13717 | D:11     | Identified a scroll of acquirement
 14171 | Lair:1   | Entered Level 1 of the Lair of Beasts
 14172 | Lair:1   | Acquired a +5 quick blade
 14282 | Lair:1   | Found a frozen archway.
 14300 | IceCv    | Entered an ice cave
 14306 | IceCv    | HP: 3/97 [death yak simulacrum (13)]
 14306 | IceCv    | Demolished by a death yak simulacrum

Illustrated notes

Levels and vault maps discovered:
D:1:      eino_arrival_water_star, layout_basic,
          hellmonk_ecumenical_altar_run_dry
D:2:      layout_basic, serial_shops, shop, nicolae_titane, uniq_robin
D:3:      layout_rooms, nemelex_spade_bored_becter, uniq_terence
D:4:      layout_gridville, mainiacjoe_overflow_24_doors
D:5:      layout_loops_ring, old_standard_altar
D:6:      layout_loops_ring, chei_slow_surprise, uniq_prince_ribbit1
D:7:      layout_rooms, minmay_temple_entry_large_hall
D:8:      cheibrodos_barr_body, layout_basic,
          mainiacjoe_overflow_large_starburst, david_lair_shrubbed, uniq_joseph,
          uniq_maurice, uniq_erica
D:9:      gammafunk_boulding_lane, layout_basic,
          mainiacjoe_overflow_divided_tiny
D:10:     layout_loops_ring, mainiacjoe_overflow_tiny_flanked, david_orc_3,
          enter_bailey_2, serial_shops, nicolae_shop_bloodbath_and_beyond,
          kennysheep_generic_room_13, uniq_grum
D:11:     minmay_cornered_nines, layout_loops_ring
D:12:     regret_index_tunnel_blossom, layout_irregular_city, enter_trove_6,
          uniq_psyche
D:13:     layout_rooms
D:14:     layout_roguey, david_vaults_4, lemuel_tele_altar, uniq_snorg
Temple:   compressed_dpeg_triangle_lava_temple
Lair:1:   layout_misc_corridors, portal_ice_cave_rime
IceCv:    ice_cave_small_necro

Skill      XL: |  1  2  3  4  5  6  7  8  9 10 11 |
---------------+----------------------------------+-----
Stealth        | 1 2 3 4 5 7 9 10 12 14 | 14.4
Fighting       | 3 4 5 6 7 8 |  8.4
Short Blades   | 4 5 6 7 8 9 10 | 10.9
Dodging        | 5 6 7 8 10 11 12 | 12.9
Evocations     | 4 6 9 |  9.5

Action                   |  1- 3 |  4- 6 |  7- 9 | 10-12 || total
-------------------------+-------+-------+-------+-------++-------
Melee: Short sword       |   161 |   122 |   192 |   509 ||   984
       Punch             |     1 |       |       |     8 ||     9
       Quick blade       |       |       |       |    40 ||    40
Invok: Berserk           |     1 |     2 |     5 |    10 ||    18
       Trog's Hand       |       |       |     1 |     5 ||     6
  Use: Scroll            |       |       |     7 |    18 ||    25
       Potion            |       |       |       |     1 ||     1
 Stab: Sleeping          |     6 |     6 |     6 |    23 ||    41
       Distracted        |     1 |       |       |       ||     1
Armor: Animal skin       |    16 |     7 |       |       ||    23
       Robe              |       |       |     9 |     9 ||    18
Dodge: Dodged            |   142 |    76 |   122 |   341 ||   681
Block: Other             |       |     5 |     8 |    37 ||    50
       Reflection        |       |       |       |     8 ||     8

Table legend: (Time is in decaauts)
 A = Elapsed time spent in this place.
 B = Non-inter-level travel time spent in this place.
 C = Inter-level travel time spent in this place.
 D = Time resting spent in this place.
 E = Time spent auto-exploring this place.
 F = Levels seen in this place.
 G = Mean time per level.
                   A        B        C        D        E       F      G
               +--------+--------+--------+--------+--------+-----+--------+
         Total |  10908 |  10384 |    524 |   1085 |   7524 |  18 |  606.0 |
       Dungeon |  10063 |   9539 |    524 |    711 |   7219 |  14 |  718.8 |
        Temple |    321 |    321 |      0 |    317 |      0 |   1 |  321.0 |
          Lair |     84 |     84 |      0 |      1 |      5 |   1 |   84.0 |
        Bailey |    434 |    434 |      0 |     54 |    299 |   1 |  434.0 |
      Ice Cave |      4 |      4 |      0 |      0 |      0 |   1 |    4.0 |
               +--------+--------+--------+--------+--------+-----+--------+

Top non-repeatable levels by time:
     D:8: 1554 daAuts
     D:1: 1162 daAuts
     D:7: 1086 daAuts
     D:2: 1080 daAuts
     D:9: 957 daAuts
     D:4: 810 daAuts
    D:10: 777 daAuts
     D:6: 759 daAuts
     D:3: 674 daAuts
    D:11: 590 daAuts
     D:5: 543 daAuts
  Bailey: 434 daAuts
  Temple: 321 daAuts
  Lair:1: 84 daAuts
    D:12: 43 daAuts
